 Dungeon Crawl Stone Soup version 0.27-a0-1442-g87b6fcb595 (webtiles) character file.

Game seed: 16440540043370045429

167 dolemite99 the Chopper (level 5, -2/45 HPs)
             Began as a Minotaur Fighter on July 5, 2021.
             Slain by Edmund (7 damage)
             ... on level 4 of the Dungeon.
             The game lasted 00:02:52 (3727 turns).

dolemite99 the Chopper (Minotaur Fighter)           Turns: 3727, Time: 00:02:53

Health: -2/45      AC:  0    Str: 22    XL:     5   Next: 23%
Magic:  4/4        EV: 13    Int:  5    God:
Gold:   148        SH:  0    Dex:  9    Spells: 4/4 levels left

rFire    . . .     SeeInvis .   (weapon currently unavailable)
rCold    . . .     Faith    .   (shield currently unavailable)
rNeg     . . .     Spirit   .   (armour currently unavailable)
rPois    .         Reflect  .   (helmet currently unavailable)
rElec    .         Harm     .   (cloak currently unavailable)
rCorr    .         Rampage  .   (gloves currently unavailable)
Will     .....                  (boots currently unavailable)
Stlth    +.........             (no amulet)
HPRegen  0.15/turn              (ring currently unavailable)
MPRegen  0.09/turn              (ring currently unavailable)

@: mighty, pig-form (expiring), very quick
A: fast, no casting, small, (horns 2), (retaliatory headbutt)
a: no special abilities


You were on level 4 of the Dungeon.
You were a filthy swine.
You visited 1 branch of the dungeon, and saw 4 of its levels.

You collected 148 gold pieces.

Inventory:

Hand Weapons
 a - a +0 war axe (melded)
 w - a +0 hunting sling
Missiles
 t - 17 poisoned darts (quivered)
Armour
 b - a +0 scale mail (melded)
 c - a +0 kite shield (melded)
Wands
 m - a wand of flame (17)
 x - a wand of iceblast (6)
Scrolls
 e - a scroll of summoning {unknown}
 g - a scroll of amnesia {unknown}
 h - 3 scrolls of identify {unknown}
 i - a scroll of teleportation {unknown}
 k - 2 scrolls of enchant weapon {unknown}
 l - a scroll of blinking {unknown}
 o - a scroll of enchant armour {unknown}
 p - a scroll of torment {unknown}
 r - a scroll of holy word {unknown}
 s - a scroll of acquirement {unknown}
Potions
 f - a potion of magic {unknown}
 j - a potion of mutation {unknown}
 n - a potion of brilliance {unknown}
 q - 2 potions of berserk rage {unknown}
 u - a potion of heal wounds {unknown}
 v - a potion of haste {unknown}


   Skills:
 - Level 3.6 Fighting
 - Level 6.3 Axes
 - Level 3.6 Armour
 - Level 3.6 Shields
 + Level 1.2 Evocations


You had 4 spell levels left.
You didn't know any spells.
Your spell library contained the following spells:

 Spells                   Type           Power      Damage    Failure   Level
 Slow                     Hex            0%         N/A       63%         2
 Sublimation of Blood     Necr           0%         N/A       63%         2
 Wereblood                Tmut           0%         N/A       63%         2
 Confusing Touch          Hex            0%         N/A       85%         3
 Frozen Ramparts          Ice            0%         1d2       85%         3
 Vampiric Draining        Necr           0%         2d6       85%         3
 Ice Form                 Ice/Tmut       0%         N/A       99%         4
 Summon Ice Beast         Ice/Summ       0%         N/A       99%         4
 Summon Hydra             Summ           0%         N/A       100%        7


Dungeon Overview and Level Annotations

Branches:
Dungeon (4/15)
 Temple: D:4-7

Altars:
Trog

Annotations:
D:4 Edmund


Innate Abilities, Weirdness & Mutations

You are a filthy swine.
You move quickly.
Your equipment is almost entirely melded.
You are incapable of wielding weapons or throwing items.
You cannot cast spells.
((You have a pair of horns on your head.))
((You reflexively headbutt those who attack you in melee.))


Message History

Edmund is lightly wounded.
Edmund hits you with a +1 flail of holy wrath!
You barely miss Edmund.
Edmund is lightly wounded.
Edmund barely misses you.
You bite Edmund!
Edmund is moderately wounded.
Your transformation is almost over.
Edmund says, "People will remember me!
They'll remember me and die!"
Edmund zaps a wand.
You resist with some effort.
You hit Edmund but do no damage.
Edmund is moderately wounded.
Edmund misses you.
You hit Edmund but do no damage.
Edmund is moderately wounded.
Edmund closely misses you.
You barely miss Edmund.
Edmund is moderately wounded.
Edmund misses you.
You hit Edmund.
Edmund is moderately wounded.
You closely miss Edmund.
Edmund is moderately wounded.
Edmund hits you with a +1 flail of holy wrath.
You completely miss Edmund.
Edmund is moderately wounded.
Edmund zaps a wand.
You resist with some effort.
The now-empty wand crumbles to dust.
You hit Edmund.
Edmund is heavily wounded.
Edmund hits you with a +1 flail of holy wrath!
* * * LOW HITPOINT WARNING * * *
You bite Edmund!
Edmund is severely wounded.
Edmund hits you with a +1 flail of holy wrath!
* * * LOW HITPOINT WARNING * * *
You hit Edmund.
Edmund is severely wounded.
Edmund hits you with a +1 flail of holy wrath!
You die...

......#........#
..#.###.###.##.#
......#># #.#...
..#.#.#.# #.#..#
...<#.#.# #.#..#
..@##.#.###.#..#####
......#...#.#......#
#...#.###.#.#....#.##
....#.....#.....h@..#
....#...##########.##
....##))............#
...>.).##############
..........#
....#####.# ....# #
#####


You could see Edmund.

Vanquished Creatures
  2 orc wizards
  3 adders (D:2)
  4 worms
  3 dart slugs (D:1)
  8 orcs
  3 bats
  2 endoplasms
  3 giant cockroaches
  7 goblins
  4 hobgoblins
  3 jackals (D:3)
  3 quokkas
  A ball python (D:1)
  3 frilled lizards
  A jackal skeleton (D:2)
  6 kobolds
  10 rats
66 creatures vanquished.

Notes
Turn   | Place    | Note
-------+----------+-------------------------------------------
     0 | D:1      | dolemite99 the Minotaur Fighter began the quest for the
                  | Orb.
     0 | D:1      | Reached XP level 1. HP: 19/19 MP: 0/0
   147 | D:1      | Reached skill level 3 in Axes
   211 | D:1      | Reached XP level 2. HP: 22/26 MP: 1/1
   765 | D:2      | Reached skill level 4 in Axes
   765 | D:2      | Reached XP level 3. HP: 31/31 MP: 2/2
  1267 | D:2      | Reached skill level 5 in Axes
  1562 | D:2      | Reached XP level 4. HP: 39/39 MP: 3/3
  2228 | D:3      | Found a bloodstained altar of Trog.
  2705 | D:3      | Reached skill level 6 in Axes
  3160 | D:4      | Reached XP level 5. HP: 45/45 MP: 4/4
  3183 | D:4      | Reached skill level 1 in Evocations
  3473 | D:4      | Noticed Edmund
  3727 | D:4      | Slain by Edmund

Illustrated notes

Levels and vault maps discovered:
D:1:      dpeg_arrival_castle, layout_basic, amcnicky_mini_corridor_feature
D:2:      layout_rooms, eino_curves_03, grunt_decor_fettered, minmay_ruptured
D:3:      layout_loops_ring, lightli_temple_of_fire
D:4:      layout_basic, okawaru_ov_weapons_minmay, pf_just_have_faith,
          serial_shops, shop_coins, grunt_decor_arrowhead, uniq_edmund

Skill      XL: |  1  2  3  4  5 |
---------------+----------------+-----
Axes           | 3 4 5 6 |  6.3
Evocations     | 1 |  1.2
Fighting       | |  3.6
Armour         | |  3.6
Shields        | |  3.6

Action                   |  1- 3 |  4- 6 || total
-------------------------+-------+-------++-------
Melee: War axe           |    70 |    94 ||   164
       Headbutt          |     7 |     6 ||    13
       Unarmed           |       |    18 ||    18
Throw: Dart              |       |     1 ||     1
  Use: Potion            |       |     1 ||     1
Armor: Scale mail        |    25 |    39 ||    64
Dodge: Dodged            |    25 |    35 ||    60
Block: Kite shield       |    34 |    52 ||    86

Table legend: (Time is in decaauts)
 A = Elapsed time spent in this place.
 B = Non-inter-level travel time spent in this place.
 C = Inter-level travel time spent in this place.
 D = Time resting spent in this place.
 E = Time spent auto-exploring this place.
 F = Levels seen in this place.
 G = Mean time per level.
                   A        B        C        D        E       F      G
               +--------+--------+--------+--------+--------+-----+--------+
         Total |   3813 |   3735 |     78 |   1454 |   1664 |   4 |  953.2 |
       Dungeon |   3813 |   3735 |     78 |   1454 |   1664 |   4 |  953.2 |
               +--------+--------+--------+--------+--------+-----+--------+

Top non-repeatable levels by time:
     D:2: 1430 daAuts
     D:3: 1025 daAuts
     D:1: 960 daAuts
     D:4: 397 daAuts
